 Dungeon Crawl Stone Soup version 0.27.1-4-g1640c2035a (webtiles) character file.

Game seed: 6620505416571232133

390 smzp the Sneak (level 6, -9/32 HPs)
             Began as a Vine Stalker Brigand on Nov 5, 2021.
             Mangled by Pikel (16 damage)
             ... on level 3 of the Dungeon.
             The game lasted 00:08:59 (4108 turns).

smzp the Sneak (Vine Stalker Brigand)               Turns: 4108, Time: 00:08:59

Health: -9/32      AC:  7    Str: 15    XL:     6   Next: 80%
Magic:  0/7        EV: 15    Int: 11    God:
Gold:   160        SH:  0    Dex: 16    Spells: 5/5 levels left

rFire    . . .     SeeInvis .   a - +2 dagger
rCold    . . .     Faith    .   (no shield)
rNeg     . . .     Spirit   +   m - +0 ring mail
rPois    +         Reflect  .   (no helmet)
rElec    .         Harm     .   c - +0 cloak
rCorr    .         Rampage  .   g - +0 pair of gloves
Will     .....                  (no boots)
Stlth    +++.......             (no amulet)
HPRegen  1.10/turn              f - +4 ring of evasion
MPRegen  0.10/turn              j - ring of poison resistance

@: no status effects
A: fangs 2, regeneration 1, magic shield, antimagic bite, no potion heal 2
a: no special abilities


You were on level 3 of the Dungeon.
You visited 1 branch of the dungeon, and saw 4 of its levels.

You collected 160 gold pieces.

Inventory:

Hand Weapons
 a - a +2 dagger (weapon)
Missiles
 d - 8 poisoned darts (quivered)
 e - 2 curare-tipped darts
 i - 4 atropa-tipped darts
Armour
 c - a +0 cloak (worn)
 g - a +0 pair of gloves (worn)
 m - a +0 ring mail (worn)
Jewellery
 f - a +4 ring of evasion (left hand)
 j - a ring of poison resistance (right hand)
Wands
 l - a wand of polymorph (10)
Scrolls
 h - 4 scrolls of identify
 n - a scroll of amnesia {unknown}
Potions
 b - a potion of lignification {unknown}
 k - 2 potions of curing


   Skills:
 + Level 2.7 Fighting
 + Level 3.1 Short Blades
 + Level 3.1 Throwing
 + Level 1.0 Armour
 + Level 2.3 Dodging
 + Level 6.5 Stealth


You had 5 spell levels left.
You didn't know any spells.
Your spell library contained the following spells:

 Spells                   Type           Power      Damage    Failure   Level
 Static Discharge         Conj/Air       0%         N/A       71%         2
 Lightning Bolt           Conj/Air       0%         1d11      100%        5
 Maxwell's Capacitive Co  Air            0%         ∞         100%        8


Dungeon Overview and Level Annotations

Branches:
Dungeon (4/15)
 Temple: D:4-7

Altars:
Makhleb
The Shining One

Annotations:
D:3 Pikel
D:4 Natasha


Innate Abilities, Weirdness & Mutations

You have extremely sharp teeth.
Your natural rate of healing is unusually fast.
When hurt, damage is shared between your health and your magic reserves.
Your bite disrupts and absorbs the magic of your enemies.
Potions cannot restore your health.


Message History

Pikel hits you with a +0 whip of electrocution.
You are electrocuted!
Throw: 12 darts (poison)
Press: ? - help, Q - select action, (/) - cycle Shift-Dir - straight line, f/p - Pikel
Aim: Pikel, wielding a +0 whip of electrocution and wearing a +0 robe (lightly wounded, poisoned, 55% to hit)
You throw a poisoned dart. The poisoned dart closely misses Pikel.
Pikel hits you with a +0 whip of electrocution.
Throw: 11 darts (poison)
Press: ? - help, Q - select action, (/) - cycle Shift-Dir - straight line, f/p - Pikel
Aim: Pikel, wielding a +0 whip of electrocution and wearing a +0 robe (lightly wounded, poisoned, 55% to hit)
You throw a poisoned dart. The poisoned dart barely misses Pikel.
Unknown command.
You hit Pikel but do no damage. You bite Pikel. You drain his power.
You feel invigorated.
Pikel is moderately wounded.
Pikel completely misses you.
You hit Pikel but do no damage.
Pikel is moderately wounded.
Pikel misses you.
You hit Pikel.
Pikel is heavily wounded.
Pikel hits you with a +0 whip of electrocution.
You are electrocuted!
* * * LOW HITPOINT WARNING * * *
Pikel looks more healthy.
Throw: 10 darts (poison)
Press: ? - help, Q - select action, (/) - cycle Shift-Dir - straight line, f/p - Pikel
Aim: Pikel, wielding a +0 whip of electrocution and wearing a +0 robe (heavily wounded, 55% to hit)
You throw a poisoned dart. The poisoned dart misses Pikel.
Pikel closely misses you.
Throw: 9 darts (poison)
Press: ? - help, Q - select action, (/) - cycle Shift-Dir - straight line, f/p - Pikel
Aim: Pikel, wielding a +0 whip of electrocution and wearing a +0 robe (heavily wounded, 55% to hit)
You throw a poisoned dart. The poisoned dart hits Pikel.
Pikel is poisoned.
Pikel is heavily wounded.
Pikel hits you with a +0 whip of electrocution.
* * * LOW HITPOINT WARNING * * *
You are electrocuted!!
Ouch! That really hurt!
You die...

##.## ##..# #.####.#.
#...## #### #.# #...
.....####### #.# ###.
...........#
#######.######.
.....#####.#
#.g..g.........
#......(.#.##
#.#####.#######
########÷#..# ##.## ###
######.(.#^######.#.##
#.....(.>.....K@.###.#
#.####...#.##.###.#.##
#.##....§.....# ##.##
##.#..≈≈≈≈≈≈≈..# ###
##.#...§≈≈≈≈≈≈.#
##.#..8..)§_≈≈.## ###
##.#....§≈≈≈≈≈..########.##
##.#..≈≈≈≈≈≈≈§............#
#.#...§§§.§§§.#########.##


You could see Pikel (poisoned).

Vanquished Creatures
  A lemure (D:4)
  A howler monkey (D:4)
  A hound (D:3)
  2 bullfrog skeletons (D:4)
  Natasha (twice) (D:4)
  2 iguanas (D:4)
  6 gnolls (D:3)
  3 adders
  A worm (D:3)
  3 dart slugs
  An orc (D:3)
  11 ball pythons
  7 endoplasms
  3 giant cockroaches
  9 goblins
  3 hobgoblins
  2 jackals (D:4)
  4 quokkas
  4 bats
  A frilled lizard (D:2)
  10 kobolds
  3 rats
80 creatures vanquished.

Notes
Turn   | Place    | Note
-------+----------+-------------------------------------------
     0 | D:1      | smzp the Vine Stalker Brigand began the quest for the Orb.
     0 | D:1      | Reached XP level 1. HP: 11/11 MP: 2/2
    63 | D:1      | Reached skill level 5 in Stealth
   320 | D:1      | Reached XP level 2. HP: 11/15 MP: 3/3
   926 | D:1      | Reached XP level 3. HP: 18/18 MP: 4/4
  1031 | D:1      | Reached skill level 1 in Dodging
  1222 | D:2      | Found a glowing golden altar of the Shining One.
  2248 | D:3      | Found a burning altar of Makhleb.
  2480 | D:3      | Gained mutation: Your natural rate of healing is unusually
                  | fast. [Vine Stalker growth]
  2480 | D:3      | Reached XP level 4. HP: 23/23 MP: 5/5
  2594 | D:3      | Reached skill level 6 in Stealth
  2971 | D:3      | Reached XP level 5. HP: 25/26 MP: 4/6
  3640 | D:4      | Reached XP level 6. HP: 32/32 MP: 7/7
  3672 | D:4      | Noticed Natasha
  3684 | D:4      | Killed Natasha
  3883 | D:4      | Reached skill level 1 in Armour
  3883 | D:4      | Noticed Natasha
  3895 | D:4      | Killed Natasha
  3904 | D:4      | Noticed Natasha
  4024 | D:4      | Noticed Pikel
  4108 | D:3      | Mangled by Pikel

Illustrated notes

Levels and vault maps discovered:
D:1:      mainiacjoe_arrival_reflecting_pool, layout_loops_cross,
          minmay_misc_feat_five, due_unseen_surprise
D:2:      layout_loops_cross, basic_altar
D:3:      layout_loops_ring, mainiacjoe_overflow_catwalk, hangedman_glass_teeth,
          st_stairs_5
D:4:      layout_rooms, serial_curves, eino_curves_01, eino_curves_02,
          chequers_serial_rivers_small_b, uniq_pikel, uniq_natasha

Skill      XL: |  1  2  3  4  5  6 |
---------------+-------------------+-----
Stealth        | 5 6 |  6.5
Throwing       | 2 3 |  3.1
Dodging        | 1 2 |  2.3
Short Blades   | 2 3 |  3.1
Fighting       | 2 |  2.7
Armour         | 1 |  1.0

Action                   |  1- 3 |  4- 6 || total
-------------------------+-------+-------++-------
Melee: Dagger            |   110 |   170 ||   280
       Bite              |    20 |    54 ||    74
Throw: Dart              |    14 |    38 ||    52
  Use: Scroll            |     4 |     2 ||     6
 Stab: Sleeping          |    10 |     2 ||    12
       Distracted        |       |     1 ||     1
Armor: Robe              |    27 |     3 ||    30
       Ring mail         |       |    31 ||    31
Dodge: Dodged            |    59 |   149 ||   208
